 Dungeon Crawl Stone Soup version 0.31-a0-345-g1ebeae05c6 (webtiles) character file.

Game seed: 1953046914977549704

1932121 Flugkiller the Middleweight Champion (level 26, 399/399 HPs)
             Began as a Grey Draconian Shapeshifter on July 22, 2023.
             Was the Champion of Wu Jian.
             Escaped with the Orb
             ... and 3 runes!
             The game lasted 01:20:43 (51978 turns).

Flugkiller the Middleweight Champion (DrSh)        Turns: 51978, Time: 01:20:43

Health: 399/399    AC: 30    Str: 37    XL:     26   Next: 18%
Magic:  23/23      EV: 25    Int: 21    God:    Wu Jian [******]
Gold:   7450       SH:  0    Dex: 20    Spells: 25/25 levels left

rFire   + .          .
                       - Unarmed
rCold   + . .        (shield currently unavailable)
rNeg    . . .        (body armour unavailable)
rPois   +            (helmet currently unavailable)
rElec   +            (cloak currently unavailable)
rCorr   .            (gloves currently unavailable)
SInv    .            (boots currently unavailable)
Will    +....        b - amulet "Buas" {rC+ Regen+ Int+4}
Stlth   +            G - ring "Laevamn" {rElec rF+ Str+7 Int+6 Dex-5}
HPRegen 1.66/turn    r - ring "Nimuqaumy" {EV+5 Dex+6}
MPRegen 0.18/turn

%: no passive effects
@: dragon-form, flying
A: dragon claw, dragon scales, flying, boosted hp, AC +17, amphibious, giant,
unfitting armour, (cold-blooded), deterioration 1, sense surroundings 1, wild
magic 1, no potion heal 1
0: Orb of Zot
}: 3/15 runes: decaying, silver, gossamer
a: Begin Untransformation, Renounce Religion, Wall Jump, Serpent's Lash,
Heavenly Storm


You escaped.
You worshipped Wu Jian.
Wu Jian was exalted by your worship.
You were a fearsome iron dragon!
You visited 9 branches of the dungeon, and saw 45 of its levels.
You also visited: Gauntlet, Ice Cave, Wizlab and Desolation.

You collected 9372 gold pieces.
You spent 1922 gold pieces at shops.

Inventory:

Jewellery
 a - the ring "Cugoatt" {rCorr Dex+6}
   (You found it in the Desolation of Salt)

   [ring of dexterity]

   Dex:       It affects your dexterity (+6).
   rCorr:     It protects you from acid and corrosion.
 b - the amulet "Buas" (around neck) {rC+ Regen+ Int+4}
   (You found it on level 3 of the Depths)

   [amulet of regeneration]

   Int:       It affects your intelligence (+4).
   rC:        It protects you from cold.
   Regen:     It increases your rate of health regeneration.
 f - a ring of protection from fire
   (You found it on level 2 of the Depths)
 i - a ring of see invisible
   (You found it on level 1 of the Depths)
 m - a ring of willpower
   (You found it on level 15 of the Dungeon)
 r - the ring "Nimuqaumy" (right foreclaw) {EV+5 Dex+6}
   (You took it off a ragged hierophant in the Desolation of Salt)

   [ring of evasion]

   EV:        It affects your evasion (+5).
   Dex:       It affects your dexterity (+6).
 G - the ring "Laevamn" (left foreclaw) {rElec rF+ Str+7 Int+6 Dex-5}
   (You found it on level 2 of the Depths)

   [ring of intelligence]

   Str:       It affects your strength (+7).
   Int:       It affects your intelligence (+6).
   Dex:       It affects your dexterity (-5).
   rF:        It protects you from fire.
   rElec:     It insulates you from electricity.
 H - the ring of Nofaeq {rElec rPois rF+ rC+ rCorr}
   (You took it off a deep elf death mage on level 2 of the Depths)

   [ring of poison resistance]

   rF:        It protects you from fire.
   rC:        It protects you from cold.
   rElec:     It insulates you from electricity.
   rPois:     It protects you from poison.
   rCorr:     It protects you from acid and corrosion.
Talismans
 v - a storm talisman
   (You found it on level 5 of the Vaults)
Wands
 B - a wand of iceblast (31)
   (You found it on level 8 of the Dungeon)
 D - a wand of mindburst (56)
   (You took it off Maurice on level 8 of the Dungeon)
 K - a wand of acid (23)
   (You found it on level 10 of the Dungeon)
 O - a wand of digging (18)
   (You found it on level 4 of the Swamp)
 T - a wand of charming (81)
   (You found it on level 4 of the Lair of Beasts)
Scrolls
 j - 9 scrolls of fear
 k - 6 scrolls of revelation
 l - 6 scrolls of vulnerability
 s - 3 scrolls of poison
 t - 18 scrolls of teleportation
 z - 3 scrolls of blinking
 A - 3 scrolls of silence
 C - 3 scrolls of butterflies
 L - 5 scrolls of fog
 R - 10 scrolls of immolation
Potions
 d - 8 potions of might
 e - 9 potions of ambrosia
 g - 5 potions of cancellation
 h - 11 potions of haste
 n - 4 potions of resistance
 q - 16 potions of curing
 w - 17 potions of heal wounds
 y - 6 potions of mutation
 I - 3 potions of berserk rage
 J - a potion of magic
 M - 5 potions of attraction
 U - 3 potions of invisibility
Miscellaneous
 o - a tin of tremorstones (2/2)
   (You found it in a Gauntlet)
 x - a phial of floods
   (You found it on level 15 of the Dungeon)
 P - a box of beasts
   (You found it on level 9 of the Dungeon)
 V - a phantom mirror
   (You found it in a Gauntlet)
 Z - a lightning rod (4/4)
   (You found it in a Gauntlet)


   Skills:
 O Level 27 Fighting
 - Level 20.0 Dodging
 - Level 5.0 Shields
 O Level 27 Unarmed Combat
 - Level 10.0 Evocations
 + Level 19.8 Shapeshifting


You had 25 spell levels left.
You didn't know any spells.
Your spell library contained the following spells:

 Spells                   Type           Power      Damage    Failure   Level
 Apportation              Tloc           0%         N/A       26%         1
 Freeze                   Ice            0%         1d3       26%         1
 Kiss of Death            Conj/Necr      0%         2d5       26%         1
 Magic Dart               Conj           0%         1d3       26%         1
 Necrotise                Necr           0%         1d4       26%         1
 Shock                    Conj/Air       0%         1d3       26%         1
 Sting                    Tmut/Pois      0%         1d3       26%         1
 Summon Small Mammal      Summ           0%         N/A       26%         1
 Blink                    Tloc           0%         N/A       34%         2
 Call Imp                 Summ           0%         N/A       34%         2
 Cigotuvi's Dreadful Rot  Necr/Pois/Air  0%         N/A       34%         2
 Ensorcelled Hibernation  Hex/Ice        0%         N/A       34%         2
 Lesser Beckoning         Tloc           0%         N/A       34%         2
 Momentum Strike          Conj/Tloc      0%         3d8       34%         2
 Passwall                 Tmut/Erth      0%         N/A       34%         2
 Poisonous Vapours        Pois/Air       0%         N/A       34%         2
 Sublimation of Blood     Necr           0%         N/A       34%         2
 Wereblood                Tmut           0%         N/A       34%         2
 Call Canine Familiar     Summ           0%         N/A       56%         3
 Confusing Touch          Hex            0%         N/A       56%         3
 Dazzling Flash           Conj/Hex       0%         N/A       56%         3
 Frozen Ramparts          Ice            0%         1d1       56%         3
 Hailstorm                Conj/Ice       0%         3d3       56%         3
 Ignite Poison            Fire/Tmut/Pois 0%         N/A       56%         3
 Mephitic Cloud           Conj/Pois/Air  0%         N/A       56%         3
 Ozocubu's Armour         Ice            0%         N/A       56%         3
 Portal Projectile        Hex/Tloc       0%         N/A       56%         3
 Swiftness                Air            0%         N/A       56%         3
 Tukima's Dance           Hex            0%         N/A       56%         3
 Vampiric Draining        Necr           0%         2d6       56%         3
 Vhi's Electric Charge    Tloc/Air       0%         N/A       56%         3
 Airstrike                Air            0%         2d(0-16)  91%         4
 Anguish                  Hex/Necr       0%         N/A       91%         4
 Animate Dead             Necr           0%         N/A       91%         4
 Cause Fear               Hex            0%         N/A       91%         4
 Dispel Undead            Necr           0%         3d6       91%         4
 Iskenderun's Mystic Bla  Conj/Tloc      0%         2d3       91%         4
 Leda's Liquefaction      Hex/Erth       0%         N/A       91%         4
 Olgreb's Toxic Radiance  Pois           0%         N/A       91%         4
 Passage of Golubria      Tloc           0%         N/A       91%         4
 Petrify                  Tmut/Erth      0%         N/A       91%         4
 Summon Lightning Spire   Summ/Air       0%         N/A       91%         4
 Agony                    Necr           0%         N/A       99%         5
 Alistair's Intoxication  Tmut/Pois      0%         N/A       99%         5
 Arcjolt                  Conj/Air       0%         1d10      99%         5
 Borgnjor's Vile Clutch   Necr/Erth      0%         N/A       99%         5
 Freezing Cloud           Conj/Ice/Air   0%         6-21      99%         5
 Irradiate                Conj/Tmut      0%         3d11      99%         5
 Metabolic Englaciation   Hex/Ice        0%         N/A       99%         5
 Silence                  Hex/Air        0%         N/A       99%         5
 Summon Forest            Summ/Tloc      0%         N/A       99%         5
 Summon Mana Viper        Hex/Summ       0%         N/A       99%         5
 Yara's Violent Unravell  Hex/Tmut       0%         3d3       99%         5
 Death Channel            Necr           0%         N/A       100%        6
 Dispersal                Tloc           0%         N/A       100%        6
 Eringya's Noxious Bog    Tmut/Pois      0%         4d6       100%        6
 Plasma Beam              Fire/Air       0%         2x1d10    100%        6
 Simulacrum               Ice/Necr       0%         N/A       100%        6
 Summon Cactus Giant      Summ           0%         N/A       100%        6
 Enfeeble                 Hex            0%         N/A       100%        7
 Haunt                    Necr/Summ      0%         N/A       100%        7
 Malign Gateway           Summ/Tloc      0%         N/A       100%        7
 Monstrous Menagerie      Summ           0%         N/A       100%        7
 Ozocubu's Refrigeration  Ice            0%         4d7       100%        7
 Spellforged Servitor     Conj/Summ      0%         N/A       100%        7
 Summon Hydra             Summ           0%         N/A       100%        7
 Borgnjor's Revivificati  Necr           0%         N/A       100%        8
 Infestation              Necr           0%         N/A       100%        8
 Lehudib's Crystal Spear  Conj/Erth      0%         10d2      100%        8
 Summon Horrible Things   Summ           0%         N/A       100%        8
 Polar Vortex             Ice            0%         N/A       100%        9
 Animate Armour           Summ/Erth      Unusable   N/A       N/A         4

Dungeon Overview and Level Annotations

Branches:
Dungeon (15/15)            Temple (1/1) D:6            Lair (5/5) D:9
  Swamp (4/4) Lair:3       Spider (4/4) Lair:2        Slime (0/5) Lair:4
    Orc (2/2) D:10            Elf (0/3) Orc:2        Vaults (5/5) D:14
  Crypt (0/3) Vaults:2     Depths (4/4) D:15            Zot (5/5) Depths:4
  IceCv (visited)          WizLab (visited)         Desolation (visited)
Gauntlet (visited)

Altars:
Ashenzari
Cheibriados
Dithmenos
Elyvilon
Fedhas
Gozag
Hepliaklqana
Kikubaaqudgha
Makhleb
Nemelex Xobeh
Okawaru
Qazlal
Ru
Sif Muna
Trog
Uskayaw
Vehumet
Wu Jian
Xom
Yredelemnul
Zin
The Shining One

Shops:
D:2 (   D:3 :   D:8 *   D:9 :**   Orc:1 (   Orc:2 :([   Vaults:4 [
Vaults:5 ([*[?!?   Depths:1 *=   Depths:2 (:   Depths:3 !

Portals:
Hell: Depths:1 Depths:2 Depths:3 Depths:4
Abyss: Depths:3
Pandemonium: Depths:2
Ziggurat: Depths:2
Trove: D:14 (give +7 demon trident)

Annotations:
D:9 exclusion: ugly thing
D:10 1 runed translucent door, Chingon's ghost, novice TrBe
D:11 3 runed translucent doors, initializr's ghost, journeyman DrSu
D:15 3 runed translucent doors, Xoff's ghost, adept GnCj
Temple 2 transporters
Depths:2 2 transporters


Innate Abilities, Weirdness & Mutations

You are a fearsome iron dragon!
You have a powerful clawing attack.
Your giant scaled body is strong and resiliant, but less evasive.
You are flying.
Your maximum health is greatly increased.
Your armour is entirely melded.
You are incapable of wielding weapons or throwing items.
Your dull iron-grey scales are very hard. (AC +17)
You are amphibious.
You cannot fit into any form of body armour.
((You are cold-blooded and may be slowed by cold attacks.))
Your body sometimes deteriorates upon taking damage.
You passively map a small area around you.
Your spells are a little harder to cast, but a little more powerful.
Potions are less effective at restoring your health.


Message History

The Council accepts your kill.
The rockslime disappears in a puff of smoke! x2
The acid blob disappears in a puff of smoke!
You spin and attack the demonspawn blood saint repeatedly, with incredible momentum.
You maul the demonspawn blood saint!!!!
You tail-slap the demonspawn blood saint!
The demonspawn blood saint is almost dead.
You claw the demonspawn blood saint!
You blow up the demonspawn blood saint!
The Council accepts your kill.
Your supernatural speed expires.
Things that are here:
a +0 dagger; a +0 robe You spin and attack the cacodemon repeatedly.
You barely miss the cacodemon.
Your tail-slap misses the cacodemon.
Your claw misses the cacodemon. You bite the cacodemon!!
Your claw misses the cacodemon. You bite the cacodemon!!
The cacodemon is heavily wounded.
The cacodemon hits you but does no damage.
The cacodemon closely misses you.
You spin and attack the cacodemon repeatedly.
You barely miss the cacodemon.
Your tail-slap misses the cacodemon.
You bite the cacodemon.
The cacodemon is heavily wounded.
You maul the cacodemon!!!
The cacodemon is almost dead.
The cacodemon completely misses you. x2
Things that are here:
a +0 dagger; a +0 robe You spin and attack the cacodemon repeatedly.
You maul the cacodemon!!!!
You kill the cacodemon!
The Council accepts your kill.
(D) Dungeon (T) Temple (L) Lair (S) Swamp (N) Spider Nest (M) Slime Pits (O) Orcish Mines (E) Elven Halls (V) Vaults (C) Crypt (U) Depths (H) Hell (Z) Zot
Where to? (Enter - D:1 @ (x,y), ? - help)
You feel less exhausted.
There is an open door here.
There is a stone staircase leading up here.
You fly upwards.
Level annotation: exclusion: ugly thing
There is a stone staircase leading down here.
There is an open door, spattered with blood here.
There is a stone staircase leading up, spattered with blood here.
You fly upwards.
There is a stone staircase leading down, spattered with blood here.
A toenail golem comes into view.
There is a stone staircase leading up here.
You fly upwards.
There is a stone staircase leading down here.
(D) Dungeon (T) Temple (L) Lair (S) Swamp (N) Spider Nest (M) Slime Pits (O) Orcish Mines (E) Elven Halls (V) Vaults (C) Crypt (U) Depths (H) Hell (Z) Zot
Where to? (Enter - D:1 @ (x,y), ? - help)
There is a stone staircase leading up here.
You fly upwards.
There is a stone staircase leading down here.
There is a stone staircase leading up here.
You fly upwards.
There is a stone staircase leading down here.
There is a stone staircase leading up here.
You fly upwards.
There is a stone staircase leading down here.
Items here: ))))).
There is a stone staircase leading up here.
You fly upwards.
There is a stone staircase leading down here.
You hear a chilling moan.
There is an entrance to Fenak's Vocational Training here.
There is a strange disturbance nearby!
There is a stone staircase leading up here.
You fly upwards.
There is a stone staircase leading down here.
(D) Dungeon (T) Temple (L) Lair (S) Swamp (N) Spider Nest (M) Slime Pits (O) Orcish Mines (E) Elven Halls (V) Vaults (C) Crypt (U) Depths (H) Hell (Z) Zot
Where to? (Enter - D:1 @ (x,y), ? - help)
You see here 8 stones.
There is a stone staircase leading up here.
You fly upwards.
There is a stone staircase leading down here.
There is a staircase leading out of the dungeon here.
What are your orders? t - Roar!
Orders for allies: a - Attack new target. r - Retreat! s - Stop attacking. g - Guard the area. f - Follow me.
Anything else - Cancel.
You roar for attention!
Enter note: gg You are a fearsome iron dragon!
You are flying.
Your flying speed is average.
Your attack delay is about 0.5.
Your damage rating with unarmed combat is about 138 (Base [30 + 27 (UC)] x 167% (Str) x 145% (Fight)).
Your base attributes are Str 20, Int 11, Dex 19.
Enter note: 138 base damage You have escaped!

######.####.###.#.#.#.....#
#....)....#...#.#.#.#######
#########.###.#.#.#.#
#...).......#...#.#.#
###.###.#####.###.#...#
#...#...#...#...#.#.###
##.###.###.#.###.#.#.#.#
###..#...#...#.....#...#.#
##...##.###.###.D.###.###.#
...####.#...#...◎.#...#...#######
#### #.#.#.#.###.#.###.###.....#
# ###.#.#...#...#...#...###.# #
#...#.###.#####.###.### #.# #
#.#.#...#...........#####.# #
#.#.#.#.###.#########.....# #
#.#.#.#...#.........##>##.# #
#.#.#.###.####.#######.##.#


There were no monsters in sight!

Vanquished Creatures
  4 dread liches
  Mennas (Vaults:3)
  2 ancient liches (Zot:5)
  7 orbs of fire
  3 juggernauts
  Sojobo (Depths:2)
  Parghit (Depths:4)
  Bai Suzhen (Vaults:3)
  Vv (Depths:3)
  3 Killer Klowns (Zot:5)
  A pandemonium lord (Zot:1)
  2 curse toes
  the Lernaean hydra (Swamp:4)
  Xtahua (Vaults:3)
  Frederick (Vaults:2)
  2 caustic shrikes
  A Hellbinder (WizLab)
  Nikola (Swamp:1)
  10 golden dragons
  A bone dragon (Depths:4)
  2 electric golems (Zot:5)
  Zenata (Vaults:1)
  21 tentacled monstrosities
  5 liches
  Asterion (Depths:1)
  4 titans
  25 Orb Guardians (Zot:5)
  A walking divine tome (Depths:3)
  3 quicksilver dragons
  7 sphinxes
  A thorn hunter (Swamp:1)
  4 death cobs
  An ancient champion (Depths:2)
  Roxanne (Swamp:2)
  11 tengu reavers
  12 shadow dragons
  6 draconian monks
  A demonspawn warmonger (D:15)
  Donald (Vaults:3)
  4 emperor scorpions
  A fenstrider witch (Swamp:3)
  2 deep elf sorcerers (Vaults:5)
  14 storm dragons
  12 frost giants
  5 iron dragons
  12 draconian scorchers
  13 fire giants
  3 imperial myrmidons (Desolation)
  4 draconian knights (Zot:4)
  4 ghost moths
  2 balrugs
  15 draconian stormcallers
  4 draconian shifters
  20 vault wardens
  2 cacodemons
  A demonspawn blood saint (D:10)
  A demonspawn corrupter (D:10)
  5 draconian annihilators
  A war gargoyle (Vaults:5)
  An orc warlord (Orc:1)
  27 very ugly things
  27 ironbound preservers
  2 reapers
  A broodmother (Spider:3)
  17 stone giants
  2 vampire knights (Depths:2)
  The ghost of Ojus the Cleaver, a journeyman AtFi of Gozag (Lair:2)
  A demonspawn black sun (WizLab)
  3 deep elf demonologists (Vaults:5)
  14 black draconians
  2 eleionomae
  10 green draconians
  12 bunyips
  A lorocyproca (WizLab)
  3 deep elf annihilators
  A minotaur (Gauntlet)
  7 yellow draconians
  A halazid warlock (Desolation)
  11 ironbound thunderhulks
  14 white draconians
  13 dire elephants
  5 spark wasps
  16 purple draconians
  13 red draconians
  17 ettins
  2 green deaths (WizLab)
  A blizzard demon (WizLab)
  5 crystal guardians
  6 deep elf death magi
  3 jiangshi (Depths:1)
  Josephine (D:10)
  16 yaktaur captains
  6 great orbs of eyes
  4 fire dragons
  An entropy weaver (shapeshifter) (Vaults:5)
  2 deep elf high priests (Vaults:5)
  8 ragged hierophants (Desolation)
  7 ice dragons
  4 entropy weavers
  3 hell beasts (WizLab)
  2 shambling mangroves
  17 hydras
  3 jorogumos (Spider:4)
  2 salamander tyrants
  3 rakshasas (Depths:1)
  6 peacekeepers
  7 servants of whispers (Desolation)
  38 vault guards
  A death knight (D:14)
  An ogre mage (Vaults:5)
  A merfolk avatar (Lair:5)
  11 ironbound frosthearts
  2 spriggan air magi
  12 two-headed ogres
  9 boulder beetles
  5 ghost crabs
  12 centaur warriors
  A dancing weapon (Vaults:5)
  13 alligators
  A death yak (Lair:2)
  2 radroaches
  10 deep troll shamans
  5 tengu warriors
  3 two-headed ogres (shapeshifter)
  6 death scarabs (Spider:4)
  9 deep troll earth magi
  5 orc high priests
  9 demonic crawlers
  5 spriggan berserkers
  3 vampire magi
  2 soul eaters (WizLab)
  3 sun demons (Zot:5)
  9 iron trolls
  A deep elf knight (Vaults:5)
  4 salamander mystics
  2 skysharks (Lair:4)
  A shadow wraith (Vaults:5)
  A sun moth (Spider:3)
  Lodul (D:10)
  A death drake (Swamp:1)
  5 pharaoh ants
  3 spriggan druids
  5 skeletal warriors
  5 orb spiders
  A glowing orange brain (Depths:3)
  A deep troll (shapeshifter) (D:14)
  13 swamp dragons
  4 spectral wolf spiders (Spider:4)
  An orb spider (shapeshifter) (D:13)
  A sea snake (Lair:5)
  A swamp dragon (shapeshifter) (Depths:2)
  60 deep trolls
  5 bog bodies
  2 orange crystal statues
  A shadow demon (WizLab)
  9 lindwurms
  3 orc knights
  6 phantasmal warriors (Vaults:5)
  2 wizards (Vaults:2)
  An obsidian statue (Zot:5)
  2 deep elf pyromancers
  17 ironbound convokers
  2 necromancers
  7 steelbarb worms
  53 ugly things
  A shining eye (shapeshifter) (Depths:2)
  10 cyclopes
  2 oklob plants (Lair:1)
  6 orc sorcerers
  25 wolf spiders
  5 will-o-the-wisps
  2 moths of wrath (shapeshifter)
  14 salamanders
  5 manticores
  A salamander (shapeshifter) (Vaults:5)
  33 moths of wrath
  A frost giant skeleton (D:15)
  2 guardian serpents (Desolation)
  20 vault sentinels
  7 black mambas
  27 elephants
  Maurice (D:8)
  17 cane toads
  7 torpor snails
  2 rust devils (WizLab)
  A minotaur zombie (Gauntlet)
  2 stone giant skeletons (D:15)
  2 smoke demons
  A gargoyle (D:11)
  4 orange demons (WizLab)
  A kobold demonologist (D:12)
  5 spectral redbacks (Spider:4)
  An unseen horror (D:11)
  An efreet (Gauntlet)
  22 rime drakes
  4 freezing wraiths (Vaults:5)
  11 komodo dragons
  3 tormentors (WizLab)
  2 tengu conjurers (D:14)
  A redback zombie (Spider:4)
  30 yaktaurs
  5 ice devils
  A queen bee (Lair:3)
  A red devil (WizLab)
  16 hornets
  A wolf spider simulacrum (D:15)
  16 polar bears
  10 trolls
  A hellwing (WizLab)
  3 meliai (D:15)
  A spectral jumping spider (Spider:4)
  31 blink frogs
  2 spectral tarantellas (Spider:4)
  2 spectral culicivoras (Spider:4)
  10 tyrant leeches
  A wind drake (Lair:5)
  24 tarantellas
  37 saltlings (Desolation)
  A snapping turtle (Lair:5)
  2 culicivora zombies (Spider:4)
  A snapping turtle (shapeshifter) (Vaults:5)
  2 tarantella zombies (Spider:4)
  23 jumping spiders
  A shadow (D:13)
  A jumping spider (shapeshifter) (Vaults:3)
  22 culicivoras
  A centaur simulacrum (D:15)
  17 slime creatures
  A spriggan skeleton (D:15)
  2 ynoxinuls
  5 wyverns
  51 yaks
  A fire bat (shapeshifter) (Vaults:4)
  7 spriggans
  13 wraiths
  Eustachio (D:6)
  11 humans (D:14)
  A human (shapeshifter) (D:10)
  16 vampire mosquitoes
  A fire elemental (Gauntlet)
  64 redbacks
  2 steam dragons
  3 basilisks
  A chaos spawn (WizLab)
  3 neqoxecs (WizLab)
  A naga (shapeshifter) (D:15)
  A naga (D:10)
  11 swamp worms
  2 hell hounds (Gauntlet)
  2 wargs
  20 water moccasins
  6 acid dragons
  3 floating eyes (Depths:2)
  12 swamp drakes
  2 sky beasts (D:8)
  3 ice beasts (D:15)
  24 orc warriors
  2 black bears
  17 ogres
  4 centaurs
  23 wolves
  3 boggarts (D:14)
  2 phantoms (D:5)
  3 kobold brigands
  14 bullfrogs
  A necrophage (Swamp:3)
  A gnoll sergeant (D:13)
  A hornet simulacrum (D:15)
  13 wights
  26 killer bees
  7 howler monkeys
  21 electric eels
  A quasit (Zot:1)
  A gnoll bouda (D:6)
  10 orc priests
  7 hounds
  2 jellies
  2 sleepcaps
  26 orc wizards
  11 gnolls
  11 adders
  A shadow imp (D:6)
  7 white imps
  2 ufetubi
  A worm (D:4)
  2 dart slugs
  79 orcs
  7 bats
  2 endoplasms
  A giant cockroach (D:2)
  10 goblins
  4 hobgoblins
  2 jackals (D:4)
  20 kobolds
  3 quokkas
  6 ball pythons
  3 frilled lizards
  7 rats
2156 creatures vanquished.

Vanquished Creatures (collateral kills)
  A yaktaur (Vaults:3)
  A wyvern (D:10)
2 creatures vanquished.

Vanquished Creatures (others)
  A walking crystal tome (Depths:2)
  2 hydras (Swamp:3)
  3 alligators
  A goliath frog (Swamp:3)
  A bloated husk (Swamp:1)
  A hornet (Swamp:4)
  A human (D:14)
  2 swamp worms (Swamp:1)
  A shadow imp (D:7)
  14 foxfires
27 creatures vanquished.

Grand Total: 2185 creatures vanquished

Notes
Turn   | Place    | Note
-------+----------+-------------------------------------------
     0 | D:1      | Flugkiller the Draconian Shapeshifter began the quest for
                  | the Orb.
     0 | D:1      | Reached XP level 1. HP: 16/16 MP: 1/1
   337 | D:1      | Reached XP level 2. HP: 24/24 MP: 2/2
   408 | D:1      | Found a faded altar of an unknown god.
   843 | D:1      | Reached XP level 3. HP: 27/29 MP: 3/3
  1359 | D:2      | Found Zitry's Antique Weapon Emporium.
  1475 | D:2      | You fall into a shaft and drop 2 floors!
  1579 | D:4      | Reached XP level 4. HP: 21/37 MP: 4/4
  1845 | D:4      | Reached XP level 5. HP: 17/45 MP: 5/5
  2064 | D:3      | Found Fenak's Vocational Training.
  3142 | D:4      | Noticed a centaur
  3156 | D:4      | Killed a centaur
  3157 | D:4      | Reached skill level 5 in Unarmed Combat
  3157 | D:4      | Reached XP level 6. HP: 34/53 MP: 3/6
  3399 | D:5      | Entered Level 5 of the Dungeon
  3545 | D:5      | Reached skill level 5 in Fighting
  3545 | D:5      | Your scales start taking on a dull iron-grey colour.
  3545 | D:5      | Reached XP level 7. HP: 56/61 MP: 5/7
  3720 | D:5      | Got Zuat's Folio of the White Wayfarer
  3855 | D:5      | Found a shimmering altar of Xom.
  3855 | D:5      | Found a shimmering blue altar of Sif Muna.
  4180 | D:6      | Reached XP level 8. HP: 71/71 MP: 8/8
  4212 | D:6      | Noticed a troll
  4365 | D:6      | Killed a troll
  4490 | D:6      | Reached skill level 5 in Dodging
  4555 | D:6      | Found a staircase to the Ecumenical Temple.
  4566 | Temple   | Found a transporter.
  4566 | Temple   | Found a transporter.
  4566 | Temple   | Found a transporter.
  4566 | Temple   | Found a transporter.
  4566 | Temple   | Entered the Ecumenical Temple
  4666 | D:6      | Found a sparkling altar of Nemelex Xobeh.
  4667 | D:6      | Found a hide-covered altar of Uskayaw.
  4667 | D:6      | Noticed Eustachio
  4686 | D:6      | Killed Eustachio
  4687 | D:6      | Reached XP level 9. HP: 73/79 MP: 9/9
  4698 | D:6      | Found a glowing golden altar of the Shining One.
  4698 | D:6      | Found an ornate altar of the Wu Jian Council.
  4722 | D:6      | Became a worshipper of the Wu Jian Council
  5250 | D:7      | Reached skill level 5 in Shapeshifting
  5556 | D:7      | Found a hazy altar of Hepliaklqana.
  5556 | D:7      | Found a sacrificial altar of Ru.
  5745 | D:8      | Found Vulaklan's General Store.
  5754 | D:8      | Bought a scroll of blinking for 112 gold pieces
  5821 | D:8      | Reached * piety under Wu Jian
  5859 | D:8      | Noticed a two-headed ogre
  6029 | D:8      | Noticed Maurice
  6049 | D:8      | Killed Maurice
  6303 | D:8      | Found a broken altar of Ashenzari.
  6431 | D:8      | Killed a two-headed ogre
  6432 | D:8      | Reached skill level 1 in Evocations
  6432 | D:8      | Reached XP level 10. HP: 59/86 MP: 6/10
  6474 | D:9      | Noticed a boulder beetle
  7171 | D:9      | Noticed a white ugly thing
  7200 | D:9      | Found a staircase to the Lair.
  7230 | D:9      | Found Xalihodd's Book Shop.
  7591 | D:9      | Reached ** piety under Wu Jian
  7658 | D:9      | Killed a boulder beetle
  7869 | D:9      | Found Ximymm's Assorted Antiques.
  7877 | D:9      | Bought a scroll labelled KOZITA HOXAEFE for 32 gold pieces
  7877 | D:9      | Bought a ruby potion for 28 gold pieces
  7877 | D:9      | Bought a metallic amethyst potion for 28 gold pieces
  8033 | D:9      | Found Woatt's Serpentskin Sales.
  8423 | D:10     | Entered Level 10 of the Dungeon
  8423 | D:10     | Found a runed translucent door.
  8473 | D:10     | Noticed a two-headed ogre
  8489 | D:10     | Killed a two-headed ogre
  8500 | D:10     | Found a staircase to the Orcish Mines.
  8503 | D:10     | Reached XP level 11. HP: 92/92 MP: 11/11
  8506 | D:10     | Noticed Erolcha
  8516 | D:10     | Erolcha changed into Erolcha the naga
  8516 | D:10     | Noticed Erolcha
  8527 | D:10     | Killed Erolcha the naga
  8568 | D:10     | Noticed Lodul
  8629 | D:10     | Killed Lodul
  8776 | D:10     | Noticed Chingon's ghost (novice TrBe)
  9040 | D:10     | Reached skill level 10 in Dodging
  9198 | D:10     | Noticed Josephine
  9206 | D:10     | Killed Josephine
  9748 | D:10     | Noticed a two-headed ogre
  9759 | D:10     | Killed a two-headed ogre
  9884 | D:10     | Reached *** piety under Wu Jian
 10625 | D:11     | Identified the +2 ring mail "Zaramuc" {Int+2}
 10967 | D:11     | Found a runed translucent gate.
 10967 | D:11     | Found a runed translucent gate.
 10968 | D:11     | Found a runed translucent gate.
 10968 | D:11     | Noticed initializr's ghost (journeyman DrSu)
 11258 | Lair:1   | Entered Level 1 of the Lair of Beasts
 11505 | Lair:1   | Reached XP level 12. HP: 39/101 MP: 7/12
 11752 | Lair:1   | Reached skill level 5 in Evocations
 11780 | Lair:1   | Found an opulent altar of Gozag.
 12114 | Lair:1   | Found a blossoming altar of Fedhas.
 12675 | Lair:2   | Noticed a six-headed hydra
 12689 | Lair:2   | Killed a six-headed hydra
 12778 | Lair:2   | Reached skill level 10 in Shapeshifting
 12785 | Lair:2   | Found a transporter.
 12885 | Lair:2   | Noticed a death yak
 12905 | Lair:2   | Reached **** piety under Wu Jian
 12916 | Lair:2   | Noticed Ojus's ghost (journeyman AtFi)
 12977 | Lair:2   | Reached skill level 10 in Fighting
 13369 | Lair:2   | Reached skill level 10 in Unarmed Combat
 13369 | Lair:2   | Found a hole to the Spider Nest.
 13531 | Lair:2   | Found a transporter.
 13903 | Lair:2   | Gained mutation: Your spells are a little harder to cast,
                  | but a little more powerful. [potion of mutation]
 13903 | Lair:2   | Gained mutation: You passively map a small area around you.
                  | [potion of mutation]
 13923 | Lair:2   | Acquired 992 gold pieces
 13973 | Lair:3   | Reached XP level 13. HP: 114/114 MP: 13/13
 14694 | Lair:3   | Found a staircase to the Swamp.
 15287 | Lair:3   | Reached ***** piety under Wu Jian
 15553 | Lair:4   | Identified the +6 broad axe of the Hummingbird {heavy, rF+
                  | rC- rCorr}
 15714 | Lair:4   | Found a staircase to the Slime Pits.
 16628 | Lair:5   | Entered Level 5 of the Lair of Beasts
 17097 | Lair:5   | Reached XP level 14. HP: 105/129 MP: 10/14
 17760 | Lair:5   | Found a shimmering altar of Xom.
 18176 | Lair:5   | Found the +7 captain's cutlass {speed, disarm}
 18212 | Lair:5   | Identified the +2 trident "Innufen" {elec, Fly Int+2 SInv}
 18217 | Lair:5   | Identified the staff "Celom" {rF+ rC- Str+3 Int+7 Dex-2
                  | Fire}
 18344 | Lair:5   | Reached skill level 15 in Fighting
 19068 | D:12     | Reached skill level 1 in Shields
 19162 | D:12     | Acquired a +0 hat of see invisible
 19325 | D:12     | Found a gate leading to a gauntlet.
 19332 | D:12     | Reached skill level 5 in Shields
 19338 | Gauntlet | Entered a Gauntlet
 19338 | Gauntlet | Found a transporter.
 19338 | Gauntlet | Found a transporter.
 19338 | Gauntlet | Found a transporter.
 19338 | Gauntlet | Found a transporter.
 19342 | Gauntlet | Found a transporter.
 19353 | Gauntlet | Found a transporter.
 19374 | Gauntlet | Found a transporter.
 19396 | Gauntlet | Found a transporter.
 19414 | Gauntlet | Found a transporter.
 19422 | Gauntlet | Found a transporter.
 19440 | Gauntlet | Found a transporter.
 19493 | Gauntlet | Found a transporter.
 20677 | D:13     | Found a shadowy altar of Dithmenos.
 20775 | D:14     | Reached XP level 15. HP: 81/141 MP: 6/15
 21652 | D:14     | Found a portal to a secret trove of treasure.
 21800 | D:14     | Reached ****** piety under Wu Jian
 21814 | D:14     | Found a gate to the Vaults.
 22105 | D:14     | Identified the +2 great sword of Teqadegh {heavy, *Rage
                  | rElec Dex+4}
 22380 | D:15     | Entered Level 15 of the Dungeon
 22448 | D:15     | Found a runed translucent gate.
 22448 | D:15     | Found a runed translucent gate.
 22450 | D:15     | Found a runed translucent gate.
 22452 | D:15     | Noticed Xoff's ghost (adept GnCj)
 22762 | D:15     | Found a staircase to the Depths.
 23188 | D:15     | Found a radiant altar of Vehumet.
 23728 | Orc:1    | Entered Level 1 of the Orcish Mines
 24070 | Orc:2    | Entered Level 2 of the Orcish Mines
 24070 | Orc:2    | Found Pujil's Antique Weapon Shoppe.
 24379 | Orc:2    | Paralysed by an orc sorcerer for 4 turns
 24391 | Orc:1    | Reached skill level 15 in Unarmed Combat
 24595 | Orc:2    | Found Haaful Nein's General Store.
 24657 | Orc:2    | Found Matudoimud's Antique Armour Emporium.
 24711 | Orc:2    | Paralysed by an orc sorcerer for 4 turns
 24747 | Orc:2    | Found Norel's Book Boutique.
 24749 | Orc:2    | Found a staircase to the Elven Halls.
 25097 | Orc:1    | Found Ygots's Weapon Boutique.
 25168 | Orc:1    | You fall into a shaft and drop 1 floor!
 25507 | Spider:1 | Entered Level 1 of the Spider Nest
 25525 | Spider:1 | Reached XP level 16. HP: 149/149 MP: 16/16
 27044 | Spider:3 | Found a frozen archway.
 27082 | IceCv    | Entered an ice cave
 27468 | IceCv    | Reached XP level 17. HP: 156/156 MP: 15/17
 27582 | IceCv    | Identified the +2 chain mail "Hangoe Cori" {rPois SInv}
 27596 | IceCv    | Identified the ring of Cicki {Ice Str+2 SInv}
 27815 | Spider:3 | Reached skill level 10 in Evocations
 28116 | Spider:4 | Entered Level 4 of the Spider Nest
 28772 | Spider:4 | Reached skill level 15 in Shapeshifting
 29068 | Spider:4 | Got a gossamer rune of Zot
 29462 | Swamp:1  | Entered Level 1 of the Swamp
 29896 | Swamp:1  | Noticed Nikola
 29914 | Swamp:1  | Killed Nikola
 30053 | Swamp:1  | Reached XP level 18. HP: 135/166 MP: 14/18
 30632 | Swamp:2  | Noticed Roxanne
 31125 | Swamp:2  | Killed Roxanne
 32185 | Swamp:4  | Entered Level 4 of the Swamp
 32267 | Swamp:4  | Paralysed by a hornet for 3 turns
 32446 | Swamp:4  | Noticed the 27-headed Lernaean hydra
 32452 | Swamp:4  | Killed the 27-headed Lernaean hydra
 32537 | Swamp:4  | Got a decaying rune of Zot
 33084 | Lair:2   | Killed Ojus's ghost
 33481 | Vaults:1 | Entered Level 1 of the Vaults
 33630 | Vaults:1 | Identified the +0 pair of gloves of Servitude {+Inv Regen+}
 33781 | Vaults:1 | Reached XP level 19. HP: 179/179 MP: 16/19
 33942 | Vaults:1 | Noticed Zenata
 33963 | Vaults:1 | Killed Zenata
 35148 | Vaults:2 | Found a staircase to the Crypt.
 35148 | Vaults:2 | Noticed Frederick
 35413 | Vaults:2 | Acquired a manual of Dodging
 35448 | Vaults:2 | Killed Frederick
 35525 | Vaults:2 | Reached skill level 15 in Dodging
 35532 | Vaults:2 | Found a magical portal.
 35622 | WizLab   | Entered The Hall of the Hellbinder
 35918 | WizLab   | Gained mutation: Your body sometimes deteriorates upon
                  | taking damage. [a neqoxec]
 35922 | WizLab   | Gained mutation: Potions are less effective at restoring
                  | your health. [a neqoxec]
 36072 | WizLab   | Got the Vademecum on the Commander
 36126 | WizLab   | Found a burning altar of Makhleb.
 36145 | WizLab   | Noticed Codak
 36153 | WizLab   | Noticed a Tzitzimitl
 36159 | WizLab   | Killed Codak the Hellbinder
 36191 | WizLab   | Identified the amulet of the Gloaming {Faith +Inv Int+2}
 36214 | WizLab   | Identified the +0 cloak "Zihyl" {+Blink}
 36962 | Vaults:2 | Reached XP level 20. HP: 189/189 MP: 16/20
 37244 | Vaults:3 | Noticed Donald
 37247 | Vaults:3 | Killed Donald
 37450 | Vaults:3 | Noticed Mennas
 37467 | Vaults:3 | Killed Mennas
 37662 | Vaults:3 | Noticed Xtahua
 37669 | Vaults:3 | Killed Xtahua
 38216 | Vaults:3 | Noticed Bai Suzhen
 38222 | Vaults:3 | Killed Bai Suzhen
 38393 | Vaults:3 | Paralysed by a great orb of eyes for 5 turns
 38930 | Vaults:4 | Found Sobe's Antique Armour Emporium.
 39034 | Vaults:4 | Found a crumbling gateway.
 39042 | Desolati | Entered the Desolation of Salt
 39153 | Desolati | Got the Discourse on Friendly Glamour
 39155 | Desolati | Got the Grimoire of the Graveyard and Relocation
 39497 | Desolati | Got Seshror's Tome of Filthy Phantasms
 39507 | Desolati | Identified the ring "Cugoatt" {rCorr Dex+6}
 39540 | Desolati | Reached XP level 21. HP: 198/198 MP: 21/21
 39563 | Desolati | Identified the ring "Nimuqaumy" {EV+5 Dex+6}
 39585 | Desolati | Got the Catalogue of the Undead
 41029 | Depths:1 | Entered Level 1 of the Depths
 41045 | Depths:1 | Noticed Asterion
 41066 | Depths:1 | Killed Asterion
 41095 | Depths:1 | Identified the amulet "Neor Nam" {Reflect Int+2 SH+5}
 41422 | Depths:1 | Found Hoppisul's Jewellery Boutique.
 41528 | Depths:1 | Found Big Baal Hell's Store.
 41541 | Depths:1 | Found a gateway to Hell.
 42122 | Depths:2 | Found Geaz's Antique Weapon Emporium.
 42281 | Depths:2 | Found Nemnocax's Book Emporium.
 42282 | Depths:2 | Noticed a juggernaut
 42286 | Depths:2 | Killed a juggernaut
 42306 | Depths:2 | Noticed a juggernaut
 42312 | Depths:2 | Killed a juggernaut
 42403 | Depths:2 | Found a one-way gateway to a ziggurat.
 42435 | Depths:2 | Reached XP level 22. HP: 213/213 MP: 20/22
 42496 | Depths:2 | Found a transporter.
 42523 | Depths:2 | Paralysed by a floating eye for 2 turns
 42534 | Depths:2 | Identified the ring of Ribout {rElec rCorr Str+6}
 42560 | Depths:2 | Found a transporter.
 42595 | Depths:2 | Noticed Sojobo
 42604 | Depths:2 | Killed Sojobo
 42615 | Depths:2 | Identified the ring of Xioxa {rElec Int+6}
 42666 | Depths:2 | Identified the ring "Laevamn" {rElec rF+ Str+7 Int+6 Dex-5}
 42672 | Depths:2 | Identified the ring of Nofaeq {rElec rPois rF+ rC+ rCorr}
 42680 | Depths:2 | Found a one-way gate leading to the halls of Pandemonium.
 43011 | Depths:3 | Noticed a caustic shrike
 43021 | Depths:2 | Paralysed by a sphinx for 5 turns
 43029 | Depths:2 | Killed a caustic shrike
 43323 | Depths:2 | Found a transporter.
 43366 | Depths:2 | Found a one-way gate leading to the halls of Pandemonium.
 43438 | Depths:2 | Found a one-way gateway to a ziggurat.
 43502 | Depths:2 | Found Geaz's Antique Weapon Emporium.
 43575 | Depths:2 | Found Nemnocax's Book Emporium.
 43641 | Depths:2 | Found a transporter.
 43766 | Depths:3 | Noticed a juggernaut
 43781 | Depths:3 | Killed a juggernaut
 43824 | Depths:3 | Identified the amulet "Buas" {rC+ Regen+ Int+4}
 43909 | Depths:3 | Noticed a caustic shrike
 43943 | Depths:3 | Killed a caustic shrike
 43952 | Depths:3 | Noticed a golden dragon
 43965 | Depths:3 | Killed a golden dragon
 44035 | Depths:3 | Found a one-way gate to the infinite horrors of the Abyss.
 44165 | Depths:3 | Identified the +7 morningstar of Magnificence {flame, rElec
                  | rC+}
 44231 | Depths:3 | Identified the amulet of Bick {Faith Fly rPois Will- Str+3}
 44324 | Depths:3 | Found Teafret's Distillery.
 44330 | Depths:3 | Bought a potion of heal wounds for 85 gold pieces
 44330 | Depths:3 | Bought a potion of invisibility for 136 gold pieces
 44330 | Depths:3 | Bought a potion of curing for 51 gold pieces
 44520 | Depths:3 | Noticed a golden dragon
 44594 | Depths:4 | Entered Level 4 of the Depths
 44594 | Depths:4 | Noticed Vv
 44622 | Depths:3 | Killed Vv
 44843 | Depths:4 | Noticed a golden dragon
 44851 | Depths:4 | Killed a golden dragon
 44890 | Depths:4 | Noticed a golden dragon
 44899 | Depths:4 | Killed a golden dragon
 44941 | Depths:4 | Reached XP level 23. HP: 227/227 MP: 23/23
 44945 | Depths:4 | Found a gate to the Realm of Zot.
 45092 | Depths:4 | Noticed Parghit
 45096 | Depths:4 | Killed Parghit
 45321 | Depths:4 | Found a hide-covered altar of Uskayaw.
 45687 | Vaults:5 | Entered Level 5 of the Vaults
 45712 | Vaults:5 | Noticed a dread lich
 45714 | Vaults:5 | Killed a dread lich
 45746 | Vaults:5 | Found Veegod's Antique Armour Boutique.
 45755 | Vaults:5 | Found Caofe's General Store.
 45786 | Vaults:5 | Found Jadear's Antique Weapon Emporium.
 45911 | Vaults:5 | Acquired 794 gold pieces
 45954 | Vaults:5 | Got a silver rune of Zot
 45967 | Vaults:5 | Reached XP level 24. HP: 243/243 MP: 23/23
 46116 | Vaults:5 | Found Wogul's Antique Armour Shop.
 46128 | Vaults:5 | Bought a potion of heal wounds for 100 gold pieces
 46128 | Vaults:5 | Bought a potion of heal wounds for 100 gold pieces
 46128 | Vaults:5 | Bought a wand of acid (7) for 588 gold pieces
 46457 | Vaults:5 | Found Noc Ker's Distillery.
 46461 | Vaults:5 | Bought a potion of heal wounds for 85 gold pieces
 46461 | Vaults:5 | Bought a potion of heal wounds for 85 gold pieces
 46461 | Vaults:5 | Bought a potion of haste for 170 gold pieces
 46461 | Vaults:5 | Bought a potion of haste for 170 gold pieces
 46519 | Vaults:5 | Found Zorph's Magic Scroll Emporium.
 46523 | Vaults:5 | Bought a scroll of teleportation for 72 gold pieces
 46559 | Vaults:5 | Found Coimawku's Magic Scroll Emporium.
 46563 | Vaults:5 | Bought a scroll of fog for 80 gold pieces
 46967 | Vaults:5 | Identified the +4 falchion of Temperance {pain, rPois rC+
                  | rCorr}
 46975 | Vaults:5 | Identified the staff "Suasom" {rF+ Str-4 Int+3 Dex+2 Fire}
 47337 | Zot:1    | Entered Level 1 of the Realm of Zot
 47548 | Zot:1    | Noticed an orb of fire
 47552 | Zot:1    | Killed an orb of fire
 49300 | Zot:3    | Reached skill level 27 in Unarmed Combat
 49357 | Zot:3    | Reached skill level 27 in Fighting
 49420 | Zot:3    | Reached XP level 25. HP: 257/257 MP: 23/23
 50787 | Zot:5    | Entered Level 5 of the Realm of Zot
 50824 | Zot:5    | Noticed a Killer Klown
 50831 | Zot:5    | Killed a Killer Klown
 51131 | Zot:5    | Noticed an ancient lich
 51135 | Zot:5    | Noticed an orb of fire
 51137 | Zot:5    | Killed an ancient lich
 51139 | Zot:5    | Killed an orb of fire
 51140 | Zot:5    | Noticed an orb of fire
 51143 | Zot:5    | Killed an orb of fire
 51146 | Zot:5    | Noticed a Killer Klown
 51147 | Zot:5    | Noticed an orb of fire
 51150 | Zot:5    | Killed an orb of fire
 51151 | Zot:5    | Killed a Killer Klown
 51189 | Zot:5    | Noticed a Killer Klown
 51195 | Zot:5    | Noticed an orb of fire
 51195 | Zot:5    | Noticed an orb of fire
 51197 | Zot:5    | Killed a Killer Klown
 51198 | Zot:5    | Noticed a dread lich
 51198 | Zot:5    | Killed an orb of fire
 51200 | Zot:5    | Killed an orb of fire
 51202 | Zot:5    | Killed a dread lich
 51203 | Zot:5    | Noticed a dread lich
 51204 | Zot:5    | Noticed an orb of fire
 51210 | Zot:5    | Noticed an ancient lich
 51210 | Zot:5    | Killed an orb of fire
 51212 | Zot:5    | Killed a dread lich
 51213 | Zot:5    | Reached XP level 26. HP: 266/266 MP: 23/23
 51214 | Zot:5    | Killed an ancient lich
 51221 | Zot:5    | Noticed a dread lich
 51223 | Zot:5    | Paralysed by a dread lich for 5 turns
 51228 | Zot:5    | Killed a dread lich
 51450 | Zot:5    | Got the Orb of Zot
 51583 | Zot:1    | Noticed Neosetas the pandemonium lord
 51585 | Zot:1    | Killed Neosetas the pandemonium lord
 51977 | D:1      | gg
 51977 | D:1      | 138 base damage
 51978 | D:$      | Escaped with the Orb!

Illustrated notes

######.####.###.#.#.#.....#
#....)....#...#.#.#.#######
#########.###.#.#.#.#
#...).......#...#.#.#
###.###.#####.###.#...#
#...#...#...#...#.#.###
##.###.###.#.###.#.#.#.#
###..#...#...#.....#...#.#
##...##.###.###.D.###.###.#
...####.#...#...◎.#...#...#######
#### #.#.#.#.###.#.###.###.....#
# ###.#.#...#...#...#...###.# #
#...#.###.#####.###.### #.# #
#.#.#...#...........#####.# #
#.#.#.#.###.#########.....# #
#.#.#.#...#.........##>##.# #
#.#.#.###.####.#######.##.#


Turn 51977 on D:1: gg

Levels and vault maps discovered:
D:1:      psy_arrival_radial02, layout_loops_corners,
          shapermc_ecumenical_altar_ellora
D:2:      layout_basic, serial_shops, shop, minmay_fractal_squares_gapless_5
D:3:      layout_basic, minmay_crystal_water, amethyst_killhole,
          nicolae_shop_vocational
D:4:      layout_gridville
D:5:      layout_loops_ring, gammafunk_temple_overflow_statue
D:6:      layout_rooms, chequers_temple_overflow_statue_of_worship,
          minmay_temple_entry_waves, serial_curves, eino_curves_04,
          eino_curves_01, hangedman_decor_peaks_small, uniq_eustachio
D:7:      layout_basic, gammafunk_temple_overflow_pools,
          chequers_serial_rivers_micro_a, kennysheep_boxes
D:8:      nicolae_hitomezashi [nicolae_hito_row, nicolae_hito_row,
          nicolae_hito_row, nicolae_hito_row, nicolae_hito_row,
          nicolae_hito_row, nicolae_hito_row, nicolae_hito_row,
          nicolae_hito_row, nicolae_hito_row, nicolae_hito_row,
          nicolae_hito_row, nicolae_hito_row, nicolae_hito_row,
          nicolae_hito_row, nicolae_hito_row, nicolae_hito_row,
          nicolae_hito_row], layout_basic, lemuel_coloured_pillars_altar,
          serial_shops, nicolae_shop_peninsula, minivault_4, uniq_maurice
D:9:      layout_grid_maze, erik_lair_island, serial_shops, shop,
          nicolae_shop_stone, guppyfry_shop_venom
D:10:     cheibrodos_two_vegetables, layout_stronghold, orc_0_dummy,
          ebering_ghost_reflecting_pool, uniq_josephine, uniq_lodul,
          uniq_erolcha
D:11:     layout_roguey, ebering_ghost_rock_garden, lemuel_old_faithful
D:12:     layout_irregular_city, gauntlet_entry_generic,
          kennysheep_generic_room_2
D:13:     layout_rooms, hex_intersection, grunt_dithmenos_shadows
D:14:     layout_layer_cave, ximxim_vaults_locker_room, enter_trove_2,
          serial_glass, glass_columns_a, glass_columns_a, feat_on_display
D:15:     gammafunk_depths_entry_grave, layout_cave_pods, serial_ice,
          serial_ice_c, serial_ice_g, serial_ice_j, serial_ice_o, serial_ice_n,
          nicolae_vehumet_radiance, gammafunk_ghost_spectres
Temple:   hellmonk_temple_divided_pantheon
Lair:1:   layout_layer_cave, basic_altar, chequers_serial_rivers_small_3,
          hangedman_tree_tricks, infiniplex_staircase_pool
Lair:2:   layout_gridlike, nicolae_spider_entry_tight_spaces, nzn_ghost_randoct,
          dreamdust_wasp_nest
Lair:3:   layout_misc_corridors, minmay_swamp_entry_wisps, special_room
          [special_room_bee], beast_lair_carwin_3, serial_bayou_shore_a
Lair:4:   layout_small_grid, slime_entry_1, grunt_megastairs_3
Lair:5:   gammafunk_lair_ancient_temple, layout_gridlike, basic_altar,
          serial_rivers, chequers_serial_rivers_micro_a,
          chequers_serial_rivers_micro_b, chequers_serial_rivers_small_a,
          chequers_serial_rivers_room_a, chequers_serial_rivers_micro_e,
          chequers_serial_rivers_room_a
Swamp:1:  layout_basic_swamp, serial_swamp_ruin, evilmike_swamp_ruin_house_1,
          evilmike_swamp_ruin_house_6, swamp_pool5,
          nicolae_swamp_frolicking_bunyips, uniq_nikola
Swamp:2:  layout_falls_marsh, evilmike_swamp_ruin_house_2, swamp_pool3,
          nicolae_swamp_bean_lake, uniq_roxanne
Swamp:3:  layout_falls_marsh, evilmike_swamp_ruin_house_5, st_shrine_of_shade
Swamp:4:  swamp_old_school, layout_basic_swamp
Spider:1: layout_spider_delve, spiders_nest_spider_trap
Spider:2: layout_spider_delve
Spider:3: layout_spider_delve, portal_ice_cave_entry_pillars_2
Spider:4: floodkiller_spider_rune_tomb, nicolae_spider_rock_and_or_roll
Orc:1:    layout_caves, serial_shops, nicolae_shop_hallway_stairs, mines4_lemuel
Orc:2:    grunt_orc_gardens, layout_diamond_mine, grunt_orc_garden,
          grunt_orc_garden, grunt_orc_garden, grunt_orc_garden, basic_altar
Vaults:1: nicolae_vaults_trapezoid_4, v_pattern_4, nicolae_vaults_circle_grid_b,
          v_alt_pattern_2, serial_ice_h, nicolae_vaults_spaceships, v_misc_25,
          grunt_vaults_swirl, nicolae_vaults_door_testing_chamber, v_misc_26,
          vaults_room_large_hall, nicolae_vaults_shelves_hall,
          nicolae_vaults_trapezoid_lopsided_3, layout_vaults_big_cross,
          uniq_zenata
Vaults:2: lightli_enter_wizlab_magi_temple, v_misc_11, nicolae_vaults_rhombus_6,
          grunt_vaults_trifunnel, vaults_room_corners,
          nicolae_vaults_trapezoid_lopsided_3,
          nicolae_vaults_storage_room_water, v_misc_10, layout_vaults_big_room,
          uniq_frederick
Vaults:3: v_misc_27, hangedman_vaults_locks, vaults_room_guarded_vault,
          vaults_mumra_hexcomb, nicolae_vaults_mini_display_case,
          vaults_room_fours, v_misc_16, nicolae_vaults_trapezoid_1, v_misc_17,
          nicolae_vaults_more_shelving_1, v_misc_19, vaults_room_pool,
          layout_vaults_ring, uniq_bai_suzhen, uniq_mennas, uniq_xtahua,
          uniq_donald
Vaults:4: portal_desolation_entry_garden, nicolae_vaults_shipping_containers_6,
          v_rooms_3, nicolae_vaults_trapezoid_lopsided_4,
          vaults_room_stairs_pillars, nicolae_vaults_storage_closets_3,
          hangedman_vaults_trim, nicolae_vaults_oval_intersection,
          ontoclasm_vaults_decontamination, serial_ice_m, v_misc_5,
          hangedman_vaults_nails, v_misc_29, layout_vaults_omnibox,
          serial_shops, nicolae_diamond_shop
Vaults:5
Depths:1: layout_basic, nicolae_hell_entry_big_baal_hell,
          kennysheep_another_room, nicolae_twisting_strands, minivault_15,
          minmay_misc_feat_x, minmay_shop_enchanted_jewellery,
          chequers_serial_rivers_large_b, kennysheep_generic_room_8,
          uniq_asterion
Depths:2: hangedman_spin_cycle, pan_entry, hell_entry
Depths:3: minmay_bad_star, layout_basic, hell_entry, serial_shops,
          kennysheep_little_box, abyss_entry_crystal,
          nicolae_elevator_lobby_asterisk
Depths:4: grunt_zot_entry_gee_three, layout_cave_pools, dreamdust_wishing_well,
          hell_entry, nicolae_uskayaw_suspiria, uniq_vv, uniq_parghit
Zot:1:    layout_gridville
Zot:2:    lemuel_draconian_sentries, layout_misc_corridors, uniq_josephina
Zot:3:    layout_concentric_octagons
Zot:4:    layout_basic
Zot:5:    layout_basic

Skill      XL: |  1  2  3  4  5  6  7  8  9 10 11 12 13 14 15 16 17 18 19 20 21 22 23 24 25 |
---------------+----------------------------------------------------------------------------+-----
Dodging        | 2 3 4 5 7 9 11 13 14 18 20 | 20.0
Fighting       | 2 3 4 5 6 7 8 10 13 15 16 18 19 21 23 25 27 | 27.0
Unarmed Combat | 4 5 6 7 8 10 12 14 15 16 19 20 21 22 24 25 27 | 27.0
Shapeshifting  | 4 6 8 9 10 12 13 15 19 | 19.8
Evocations     | 1 4 6 9 10 | 10.0
Shields        | 5 |  5.0

Action                     |  1- 3 |  4- 6 |  7- 9 | 10-12 | 13-15 | 16-18 | 19-21 | 22-24 | 25-27 || total
---------------------------+-------+-------+-------+-------+-------+-------+-------+-------+-------++-------
  Melee: Unarmed           |    76 |   141 |   335 |   722 |  1433 |  1820 |  1077 |  1012 |   308 ||  6924
         Tailslap          |     4 |    24 |    44 |   108 |   199 |   404 |   213 |   227 |    66 ||  1289
         Punch             |       |     4 |       |       |       |     8 |   161 |   230 |    67 ||   470
         Constrict         |       |       |       |    51 |   107 |       |       |       |       ||   158
         Maw               |       |       |       |       |   226 |   510 |       |       |       ||   736
         Bite              |       |       |       |       |       |     7 |   172 |   165 |    43 ||   387
 Invoke: Serpent's Lash    |       |       |       |       |    23 |    19 |    33 |    14 |     7 ||    96
         Heavenly Storm    |       |       |       |       |       |     3 |     2 |     2 |     1 ||     8
Ability: Lunge             |       |       |     8 |    28 |    74 |    79 |   119 |    92 |    28 ||   428
         Whirlwind         |       |       |       |    13 |   139 |   220 |   192 |   178 |    87 ||   829
         Begin Untransform |       |       |       |       |       |       |       |     1 |       ||     1
  Evoke: Wand              |       |       |    14 |    23 |     7 |     1 |       |     6 |       ||    51
         Box of beasts     |       |       |       |     1 |       |       |       |       |       ||     1
         Tin of tremorston |       |       |       |       |     1 |     1 |     2 |       |       ||     4
         Phantom mirror    |       |       |       |       |       |       |     1 |       |       ||     1
    Use: Potion            |       |     4 |     1 |     5 |     1 |       |     1 |     1 |       ||    13
         Scroll            |       |     3 |     4 |     6 |     7 |     8 |     5 |     2 |     1 ||    36
   Stab: Sleeping          |     1 |     4 |     1 |     5 |    12 |    12 |     4 |     6 |       ||    45
         Distracted        |       |       |       |       |     1 |     2 |     2 |     1 |     2 ||     8
         Confused          |       |       |       |       |       |     3 |       |       |       ||     3
 Armour: Skin              |    19 |    64 |    73 |   172 |   397 |   528 |   284 |   181 |    44 ||  1762
  Dodge: Dodged            |    49 |    86 |   165 |   602 |  1038 |  1579 |   488 |   723 |   133 ||  4863
  Block: Buckler           |       |     3 |    51 |   130 |   251 |   681 |       |       |       ||  1116
   Form: Anaconda          |       |       |       |     1 |       |       |       |       |       ||     1
         Maw               |       |       |       |       |     1 |     1 |       |       |       ||     2
         Dragon            |       |       |       |       |       |     1 |     1 |     1 |       ||     3
         Statue            |       |       |       |       |       |     1 |     1 |       |       ||     2

Table legend: (Time is in decaauts)
 A = Elapsed time spent in this place.
 B = Non-inter-level travel time spent in this place.
 C = Inter-level travel time spent in this place.
 D = Time resting spent in this place.
 E = Time spent auto-exploring this place.
 F = Levels seen in this place.
 G = Mean time per level.
                   A        B        C        D        E       F      G
               +--------+--------+--------+--------+--------+-----+--------+
         Total |  50867 |  47428 |   3439 |  11684 |  23914 |  49 | 1038.1 |
       Dungeon |  16041 |  14727 |   1314 |   3150 |   8268 |  15 | 1069.4 |
        Temple |     17 |     17 |      0 |      0 |      0 |   1 |   17.0 |
          Lair |   8221 |   7693 |    528 |   3159 |   2946 |   5 | 1644.2 |
         Swamp |   3194 |   3080 |    114 |    742 |   1578 |   4 |  798.5 |
   Spider Nest |   3083 |   2950 |    133 |    537 |   1227 |   4 |  770.8 |
  Orcish Mines |   1619 |   1510 |    109 |    309 |    827 |   2 |  809.5 |
        Vaults |   7389 |   6773 |    616 |   1752 |   3432 |   5 | 1477.8 |
        Depths |   4455 |   4118 |    337 |    515 |   2592 |   4 | 1113.8 |
           Zot |   4120 |   3836 |    284 |    689 |   2270 |   5 |  824.0 |
      Ice Cave |    602 |    602 |      0 |     51 |    238 |   1 |  602.0 |
        Wizlab |    684 |    684 |      0 |    316 |    102 |   1 |  684.0 |
    Desolation |    896 |    896 |      0 |    316 |    282 |   1 |  896.0 |
      Gauntlet |    543 |    543 |      0 |    147 |    151 |   1 |  543.0 |
               +--------+--------+--------+--------+--------+-----+--------+

Top non-repeatable levels by time:
  Lair:2: 2216 daAuts
    D:10: 2022 daAuts
Vaults:1: 1952 daAuts
    D:14: 1880 daAuts
  Lair:4: 1838 daAuts
Depths:2: 1640 daAuts
     D:9: 1517 daAuts
Vaults:3: 1465 daAuts
  Lair:5: 1448 daAuts
Vaults:5: 1365 daAuts
  Lair:3: 1363 daAuts
     D:8: 1360 daAuts
  Lair:1: 1354 daAuts
Vaults:2: 1307 daAuts
Vaults:4: 1298 daAuts
